 Dungeon Crawl Stone Soup version 0.28.0 (webtiles) character file.

Game seed: 7177617562240817720

105 HallandMoats the Insei (level 4, -5/33 HPs)
             Began as an Octopode Monk on Feb 7, 2022.
             Slain by a water moccasin (6 damage)
             ... on level 3 of the Dungeon.
             The game lasted 00:01:44 (2138 turns).

HallandMoats the Insei (Octopode Monk)              Turns: 2138, Time: 00:01:45

Health: -5/33      AC:  1    Str: 12    XL:     4   Next: 81%
Magic:  4/4        EV: 14    Int: 12    God:
Gold:   75         SH:  0    Dex: 14    Spells: 3/3 levels left

rFire   . . .      SeeInvis +     - Unarmed
rCold   + . .      Faith    .   (no shield)
rNeg    . . .      Spirit   .   (helmet restricted)
rPois   .          Reflect  .   (no amulet)
rElec   .          Harm     .   d - ring of willpower
rCorr   .          Rampage  .   e - ring of protection from cold
Will    +....                   b - ring of see invisible
Stlth   +++.......              (no ring)
HPRegen 0.11/turn               (no ring)
MPRegen 0.09/turn               (no ring)
                                (no ring)
                                (no ring)

@: lethally poisoned (-5 -> -15)
A: almost no armour, amphibious, 8 rings, camouflage 1, gelatinous body 1,
(nimble swimmer 1), tentacles
a: no special abilities


You were on level 3 of the Dungeon.
You visited 1 branch of the dungeon, and saw 3 of its levels.

You collected 103 gold pieces.
You spent 28 gold pieces at shops.

Inventory:

Hand Weapons
 g - a +3 spear of venom
Jewellery
 b - a ring of see invisible (on tentacle)
 d - a ring of willpower (left tentacle)
 e - a ring of protection from cold (right tentacle)
Wands
 j - a wand of flame (25)
Scrolls
 c - 2 scrolls of identify
 h - a scroll of teleportation {unknown}
 k - a scroll of fear
Potions
 a - a potion of might
 f - 2 potions of attraction {unknown}
 i - a potion of magic {unknown}


   Skills:
 * Level 3.7 Fighting
 * Level 3.7 Dodging
 + Level 3.3 Stealth
 * Level 3.8 Unarmed Combat
 + Level 1.1 Invocations


You had 3 spell levels left.
You didn't know any spells.
Your spell library was empty.

Dungeon Overview and Level Annotations

Branches:
Dungeon (3/15)

Altars:

Shops:
D:1 ?


Innate Abilities, Weirdness & Mutations

You cannot wear most types of armour.
You are amphibious.
You can wear up to eight rings at the same time.
Your skin changes colour to match your surroundings (Stealth+).
Your rubbery body absorbs attacks. (AC +1, EV +1)
((You are camouflaged when in or above water. (Stealth+)))
You have tentacles for arms and can constrict up to eight enemies at once.


Message History

A frilled lizard is nearby!
The helpless frilled lizard fails to defend itself.
You bludgeon the frilled lizard!
You kill the frilled lizard!
A water moccasin comes into view.
A water moccasin is nearby!
A water moccasin is nearby!
Found a stone staircase leading up.
A water moccasin is nearby!
The water moccasin hisses angrily.
A water moccasin is nearby!
You miss the water moccasin. Your grab misses the water moccasin.
The water moccasin bites you!
You tentacle-slap the water moccasin. Your grab misses the water moccasin.
The water moccasin is lightly wounded.
The water moccasin bites you!
You are too injured to fight recklessly!
You are too injured to fight recklessly!
You are too injured to fight recklessly!
You barely miss the water moccasin. You grab the water moccasin.
The water moccasin is lightly wounded.
You constrict the water moccasin, but do no damage.
The water moccasin bites you. x2
* * * LOW HITPOINT WARNING * * *
You tentacle-slap the water moccasin.
Your tentacle-slap misses the water moccasin.
The water moccasin is moderately wounded.
You constrict the water moccasin. The water moccasin bites you.
* * * LOW HITPOINT WARNING * * *
You tentacle-slap the water moccasin.
The water moccasin is heavily wounded.
You constrict the water moccasin. The water moccasin bites you.
* * * LOW HITPOINT WARNING * * *
You are lethally poisoned!
The water moccasin poisons you!
You release your grip on the water moccasin.
* * * LOW HITPOINT WARNING * * *
You feel very sick. The water moccasin bites you.
You die...

....... .....#......###.......
....### ###..#..>...##.>......
.##.# ##.....#....#.<##.....
.##.# ##..#.###......##......
.##.. ### #..##.###.....###......
.### ...###.###.†####.#.##.......
...# #.#..># ##.# #...##'##....
.#.####.#.### #.# #...#...#....
.....##.#.######@####.###.(.#....
.##..##......##.S.......#...#..[.
.##.....####.##.......<.#########
.##.###....# ........... .##.#
..##.............. .##.##.##
####......#### .##.... ######..
....... #.. ####. #..


You could see a water moccasin.

Vanquished Creatures
  Jessica (D:2)
  2 adders
  A worm (D:2)
  3 dart slugs
  An orc (D:2)
  6 ball pythons
  5 endoplasms
  2 giant cockroaches
  4 goblins
  7 hobgoblins
  6 quokkas
  3 bats
  2 frilled lizards (D:3)
  A kobold (D:3)
  A rat (D:2)
45 creatures vanquished.

Notes
Turn   | Place    | Note
-------+----------+-------------------------------------------
     0 | D:1      | HallandMoats the Octopode Monk began the quest for the Orb.
     0 | D:1      | Reached XP level 1. HP: 16/16 MP: 1/1
    43 | D:1      | Reached XP level 2. HP: 13/21 MP: 2/2
   519 | D:1      | Found Tum Eqof's Magic Scroll Shop.
   527 | D:1      | Bought a scroll of identify for 28 gold pieces
   748 | D:2      | Reached XP level 3. HP: 26/26 MP: 3/3
  1427 | D:2      | Noticed Jessica
  1432 | D:2      | Killed Jessica
  1433 | D:2      | Reached skill level 1 in Invocations
  1433 | D:2      | Reached XP level 4. HP: 12/32 MP: 4/4
  2128 | D:3      | Noticed a water moccasin
  2138 | D:3      | HP: 1/33 [poisoned by a water moccasin]
  2138 | D:3      | Slain by a water moccasin

Illustrated notes

Levels and vault maps discovered:
D:1:      noname_arrival_rooms_in_the_neighbourhood, layout_rooms, serial_shops,
          nicolae_shop_hallway_stairs, minmay_heptomino_w4
D:2:      layout_loops_ring, roderic_serpentine_path, uniq_jessica
D:3:      layout_rooms, eino_tiny_chamber, serial_park_tiny_pond

Skill      XL: |  1  2  3 |
---------------+----------+-----
Stealth        | 3 |  3.3
Invocations    | 1 |  1.1
Fighting       | |  3.7
Dodging        | |  3.7
Unarmed Combat | |  3.8

Action                   |  1- 3 |  4- 6 || total
-------------------------+-------+-------++-------
Melee: Unarmed           |    66 |    18 ||    84
       Constrict         |    23 |     6 ||    29
       Tentacles         |    16 |     3 ||    19
       Punch             |     2 |     1 ||     3
  Use: Scroll            |     2 |     3 ||     5
 Stab: Sleeping          |    12 |     4 ||    16
       Distracted        |     1 |       ||     1
Armor: Skin              |    11 |       ||    11
Dodge: Dodged            |    31 |     6 ||    37
